 Dungeon Crawl Stone Soup version 0.26-a0-1107-g6118521029 (webtiles) character file.

Game seed: 8045311171915837241

23 Dracia the Distorting Demonspawn (level 2, 0/24 HPs)
             Began as a Demonspawn Abyssal Knight on Dec 16, 2020.
             Was a Believer of Lugonu.
             Killed from afar by Sigmund (3 damage)
             ... with a puff of flame
             ... on level 2 of the Dungeon.
             The game lasted 00:01:52 (812 turns).

Dracia the Distorting Demonspawn (DsAK)              Turns: 812, Time: 00:01:52

Health: 0/24       AC:  6    Str: 12    XL:     2   Next: 72%
Magic:  0/4        EV:  9    Int: 13    God:    Lugonu [**....]
Gold:   82         SH:  0    Dex: 12    Spells: 1/1 levels left

rFire    . . .     SeeInvis .   a - +1 falchion
rCold    + . .     Faith    .   (no shield)
rNeg     . . .     Spirit   +   c - +0 scale mail
rPois    .         Reflect  .   (no helmet)
rElec    .         Harm     .   (no cloak)
rCorr    .         Rampage  .   (no gloves)
Will     .....                  (no boots)
Stlth    ..........             G - amulet of guardian spirit
HPRegen  0.08/turn              C - ring of protection from cold
MPRegen  0.09/turn              (no ring)

@: no status effects
A: claws 1
a: Depart the Abyss, Bend Space, Renounce Religion


You were on level 2 of the Dungeon.
You worshipped Lugonu.
Lugonu was pleased with you.
You visited 1 branch of the dungeon, and saw 2 of its levels.
You visited the Abyss 1 time.

You collected 82 gold pieces.


Innate Abilities, Weirdness & Mutations

You have sharp fingernails.


   Skills:
 - Level 3.0 Fighting
 + Level 2.4 Long Blades
 - Level 1.7 Armour
 - Level 0.8 Dodging
 + Level 3.5 Invocations


You had one spell level left.
You didn't know any spells.
Your spell library was empty.

Inventory:

Hand Weapons
 a - a +1 falchion (weapon)
Armour
 b - a +0 leather armour
 c - a +0 scale mail (worn)
 j - a +2 kite shield
Jewellery
 e - an uncursed amulet of reflection
 C - a ring of protection from cold (left claw)
 G - an amulet of guardian spirit (around neck)
Scrolls
 d - a scroll of blinking {unknown}
 f - 2 scrolls of magic mapping {unknown}
 i - a scroll of teleportation {unknown}
Potions
 g - a potion of brilliance {unknown}
 h - a potion of heal wounds {unknown}

Dungeon Overview and Level Annotations

Branches:
Dungeon (2/15)

Altars:

Annotations:
D:2 Sigmund

#.... #..## #....
#.>.########
#....##...#......+
+.....'......#####
#....##...#..#
##### #...#..#
######...#..#
#######....{......#
.......@†.........#
###################


There were no monsters in sight!


Message History

You closely miss the bat. The bat closely misses you.
The bat hits you but does no damage. x2
You closely miss the bat. The bat hits you but does no damage.
The bat hits you.
You miss the bat. The bat closely misses you.
You riposte.
You hit the bat.
The bat is moderately wounded.
Sigmund hits you from afar with a +0 scythe!
Number of times to repeat, then command key: You must enter the number of times for the command to repeat.
The bat barely misses you. Sigmund hits you with a +0 scythe.
The bat hits you but does no damage.
Sigmund points at you and mumbles some strange words.
The puff of flame hits you!
Ouch! That really hurt!
* * * LOW HITPOINT WARNING * * *
The bat hits you but does no damage. The bat hits you but does no damage.
The bat hits you but does no damage. The bat barely misses you.
Sigmund casts a spell.
Sigmund flickers and vanishes!
Deactivating autopickup; reactivate with Ctrl-A.
The bat hits you but does no damage.
There is a stone staircase leading up here.
The bat misses you.
You riposte.
You hit the bat.
You kill the bat!
Lugonu accepts your kill.
A puff of flame appears from out of thin air!
The puff of flame hits you.
You die...

Skill      XL: |  1 |
---------------+----+-----
Long Blades    | 2 |  2.4
Invocations    | 3 |  3.5
Fighting       | |  3.0
Armour         | |  1.7
Dodging        | |  0.8

Action                   || total
-------------------------++-------
Melee: Falchion          ||    48
Armor: Scale mail        ||    25
Dodge: Dodged            ||    26
Block: Other             ||     2
       Reflection        ||     1
       Rpst.: Falchion   ||    11

Levels and vault maps discovered:
D:1:      dpeg_arrival_ratfight, layout_rooms
D:2:      layout_basic, general_overflow_altar, lemuel_crystal_altar,
          gammafunk_temple_overflow_pools, uniq_jessica, uniq_sigmund,
          uniq_natasha

Notes
Turn   | Place    | Note
-------+----------+-------------------------------------------
     0 | Abyss:1  | Dracia the Demonspawn Abyssal Knight began the quest for
                  | the Orb.
     0 | Abyss:1  | Reached XP level 1. HP: 18/18 MP: 2/2
    22 | D:1      | You pass through the gate.
    22 | D:1      | Escaped the Abyss
   140 | D:1      | Reached skill level 2 in Long Blades
   140 | D:1      | Reached skill level 3 in Invocations
   140 | D:1      | Gained mutation: You have sharp fingernails. [demonic
                  | ancestry]
   140 | D:1      | Reached XP level 2. HP: 22/24 MP: 2/4
   574 | D:1      | Reached ** piety under Lugonu
   794 | D:2      | Noticed Sigmund
   807 | D:2      | HP: 2/24 [Sigmund/puff of flame (12)]
   812 | D:2      | Killed from afar by Sigmund

Vanquished Creatures
  An ooze (D:1)
  A dart slug (D:1)
  A ball python (D:1)
  A goblin (D:1)
  2 hobgoblins (D:1)
  3 bats
  2 frilled lizards (D:1)
  2 kobolds (D:1)
  6 rats (D:1)
19 creatures vanquished.

Table legend: (Time is in decaauts)
 A = Elapsed time spent in this place.
 B = Non-inter-level travel time spent in this place.
 C = Inter-level travel time spent in this place.
 D = Time resting spent in this place.
 E = Time spent auto-exploring this place.
 F = Levels seen in this place.
 G = Mean time per level.
                   A        B        C        D        E       F      G
               +--------+--------+--------+--------+--------+-----+--------+
         Total |    820 |    805 |     15 |      0 |    645 |   3 |  273.3 |
       Dungeon |    798 |    783 |     15 |      0 |    645 |   2 |  399.0 |
         Abyss |     22 |     22 |      0 |      0 |      0 |   1 |   22.0 |
               +--------+--------+--------+--------+--------+-----+--------+

Top non-repeatable levels by time:
     D:1: 763 daAuts
     D:2: 34 daAuts
 Abyss:1: 22 daAuts

Table legend:
 A = Non-vault XP
 B = Vault XP
 C = Vault XP percentage of total XP
 D = Non-vault monster count
 E = Vault monster count
 F = Vault count percentage of total count
                 A         B        C        D         E       F
            +---------+---------+-------+---------+---------+-------
      Total |      30 |       5 |  14.3 |      14 |       5 |  26.3
            +---------+---------+-------+---------+---------+-------
        D:1 |      28 |       5 |  15.2 |      13 |       5 |  27.8
        D:2 |       2 |       0 |   0.0 |       1 |       0 |   0.0
            +---------+---------+-------+---------+---------+-------
